 Dungeon Crawl Stone Soup version 0.30.1-11-g7821555f0a (webtiles) character file.

Game seed: 4702746125700053338

28 Chiseanne the Trooper (level 3, 25/29 HPs)
             Began as a Demonspawn Wanderer on Nov 27, 2023.
             Quit the game on level 2 of the Dungeon.
             The game lasted 00:01:22 (876 turns).

Chiseanne the Trooper (Demonspawn Wanderer)          Turns: 876, Time: 00:01:23

Health: 25/29      AC:  5    Str: 14    XL:     3   Next: 0%
Magic:  4/4        EV: 11    Int:  9    God:
Gold:   56         SH:  0    Dex: 16    Spells: 4/4 levels left

rFire   . . .        a - +4 mace
rCold   . . .        (no shield)
rNeg    . . .        j - +0 ring mail
rPois   .            (helmet restricted)
rElec   .            (no cloak)
rCorr   .            (no gloves)
SInv    .            (no boots)
Will    .....        (no amulet)
Stlth   +            (no ring)
HPRegen 3.24/turn    (no ring)
MPRegen 0.09/turn

%: no passive effects
@: no status effects
A: antennae 1, powered by death 1
a: no special abilities


You were on level 2 of the Dungeon.
You visited 1 branch of the dungeon, and saw 2 of its levels.

You collected 56 gold pieces.

Inventory:

Hand Weapons
 a - a +4 mace (weapon)
Missiles
 g - 4 stones (quivered)
 h - 3 boomerangs
Armour
 b - a +1 helmet
 j - a +0 ring mail (worn)
Potions
 c - a potion of lignification
 d - a potion of cancellation {unknown}


   Skills:
 * Level 3.4 Fighting
 - Level 2.6 Maces & Flails
 * Level 1.2 Armour
 * Level 2.3 Dodging
 - Level 1.0 Spellcasting
 - Level 1.0 Evocations


You had 4 spell levels left.
You didn't know any spells.
Your spell library was empty.

Dungeon Overview and Level Annotations

Branches:
Dungeon (2/15)

Altars:

Annotations:
D:2 Robin


Innate Abilities, Weirdness & Mutations

You have a pair of small antennae on your head.
You regenerate a little health from kills.


Message History

No target in view!
No target in view!
No target in view!
No target in view!
No target in view!
No target in view!
No target in view!
d - an inky potion A goblin comes into view.
It is wielding a +2 dagger of protection.
The goblin shouts!
You hear a shout!
A goblin comes into view. It is wielding a +0 dagger.
The goblin shouts!
You hear a shout!
A goblin comes into view. It is wielding a +0 dagger.
The goblin shouts!
Robin of the Strong Arm comes into view.
They are wielding a +0 spear.
The goblin hits you but does no damage.
You hit the goblin but do no damage.
A goblin comes into view. It is wielding a +0 dagger.
The goblin hits you but does no damage.
You barely miss the goblin. The goblin barely misses you.
You completely miss the goblin. Robin throws the goblin at you!
The goblin hits you but does no damage. The goblin barely misses you.
The goblin hits you but does no damage.
You sock the goblin!
You kill the goblin!
The goblin closely misses you.
You hit the goblin.
You kill the goblin!
Robin throws the goblin at you! The goblin hits you but does no damage.
You thump the goblin!
You kill the goblin!
A hobgoblin comes into view.
The goblin hits you with a +0 dagger.
You have reached level 3!
Your experience leads to an increase in your attributes!
Increase (s)trength, (i)ntelligence, or (d)exterity?
You feel agile. x2; Your demonic ancestry asserts itself...
A pair of antennae grows on your head!
Your +1 helmet falls away!
Are you sure you want to abandon this character and quit the game? (Confirm with "yes".)

###
#.##############
#......)@gg....g
#.##############
#.# #.########
#........#
#........##
#..........
#.........#
#.........#


You could see Robin, a hobgoblin and a goblin.

Vanquished Creatures
  An adder (D:2)
  5 ball pythons
  An endoplasm (D:1)
  A giant cockroach (D:1)
  4 goblins
  4 kobolds (D:1)
  2 bats (D:1)
  A frilled lizard (D:1)
  2 rats
21 creatures vanquished.

Notes
Turn   | Place    | Note
-------+----------+-------------------------------------------
     0 | D:1      | Chiseanne the Demonspawn Wanderer began the quest for the
                  | Orb.
     0 | D:1      | Chiseanne set off with the following items: a +3 mace, a +0
                  | helmet, a potion of lignification, a +0 leather armour.
     0 | D:1      | Reached XP level 1. HP: 18/18 MP: 2/2
   293 | D:1      | Gained mutation: You regenerate a little health from kills.
                  | [demonic ancestry]
   293 | D:1      | Reached XP level 2. HP: 24/24 MP: 3/3
   752 | D:1      | Found a faded altar of an unknown god.
   799 | D:2      | Identified the +8 whip of Pride {flame, Contam rF+ Int+2}
   819 | D:2      | Reached skill level 1 in Armour
   868 | D:2      | Noticed Robin
   876 | D:2      | Gained mutation: You have a pair of small antennae on your
                  | head. [demonic ancestry]
   876 | D:2      | Reached XP level 3. HP: 25/29 MP: 4/4
   876 | D:2      | Quit the game

Illustrated notes

Levels and vault maps discovered:
D:1:      nzn_arrival_depleted_hourglass, layout_basic,
          shapermc_ecumenical_altar_mp_vishouse
D:2:      layout_basic, uniq_sigmund, uniq_robin, uniq_terence

Skill      XL: |  1  2 |
---------------+-------+-----
Dodging        | 2 |  2.3
Armour         | 1 |  1.2
Fighting       | |  3.4
Maces & Flails | |  2.6
Spellcasting   | |  1.0
Evocations     | |  1.0

Action                     || total
---------------------------++-------
  Melee: Mace              ||    38
    Use: Scroll            ||     4
 Armour: Leather armour    ||     3
         Ring mail         ||    14
  Dodge: Dodged            ||    24
